 Dungeon Crawl Stone Soup version 0.30-a0-414-gcb316572d5 (webtiles) character file.

Game seed: 6589484243337989571

79 McMuffin the Slasher (level 3, -1/13 (30) HPs)
             Began as a Demigod Reaver on Dec 7, 2022.
             Slain by a black bear (4 damage)
             ... on level 6 of the Dungeon.
             The game lasted 00:07:45 (686 turns).

McMuffin the Slasher (Demigod Reaver)                Turns: 686, Time: 00:07:49

HP:   -1/13 (30)    AC:  4    Str: 13    XL:     3   Next: 97%
MP:   8/8           EV: 12    Int: 15    God:
Gold: 34            SH:  0    Dex: 16    Spells: 4/5 levels left

rFire   . . .      SeeInvis .    j - +4 short sword (vamp)
rCold   . . .      Faith    .    (no shield)
rNeg    . . .      Spirit   .    b - +0 leather armour
rPois   .          Reflect  .    (no helmet)
rElec   .          Harm     .    h - +0 cloak
rCorr   .          Rampage  .    (no gloves)
Will    .....                    (no boots)
Stlth   +.........               (no amulet)
HPRegen 0.22/turn                (no ring)
MPRegen 0.11/turn                (no ring)

@: extremely drained
A: high MP 1, forlorn, divine attributes
a: no special abilities


You were on level 6 of the Dungeon.
You visited 1 branch of the dungeon, and saw 6 of its levels.

You collected 34 gold pieces.

Inventory:

Hand Weapons
 a - a +0 falchion
 j - a +4 vampiric short sword (weapon)
Armour
 b - a +0 leather armour (worn)
 h - a +0 cloak (worn)
 k - a +0 animal skin
Scrolls
 d - a scroll of blinking {unknown}
 e - a scroll of fog {unknown}
 f - a scroll of noise {unknown}
 g - a scroll of teleportation {unknown}
 i - a scroll of immolation {unknown}
 n - a scroll of identify {unknown}
Potions
 l - a potion of degeneration {unknown}
 m - a potion of flight {unknown}
 o - a potion of magic {unknown}


   Skills:
 + Level 2.4 Fighting
 + Level 0.2(2.1) Short Blades
 + Level 3.5 Long Blades
 + Level 0.8 Armour
 + Level 2.2 Dodging
 + Level 1.8 Spellcasting
 + Level 3.0 Conjurations


You had 4 spell levels left.
You knew the following spells:

 Your Spells              Type           Power      Damage    Failure   Level
a - Kiss of Death         Conj/Necr      20%        2d7       16%         1

Your spell library contained the following spells:

 Spells                   Type           Power      Damage    Failure   Level
 Momentum Strike          Conj/Tloc      10%        3d8       24%         2
 Sting                    Tmut/Pois      4%         1d3       28%         1
 Hailstorm                Conj/Ice       5%         3d4       43%         3
 Mephitic Cloud           Conj/Pois/Air  4%         N/A       50%         3
 Animate Dead             Necr           1%         N/A       96%         4
 Olgreb's Toxic Radiance  Pois           1%         N/A       96%         4
 Agony                    Necr           1%         N/A       100%        5


Dungeon Overview and Level Annotations

Branches:
Dungeon (6/15)
 Temple: D:4-7


Innate Abilities, Weirdness & Mutations

You have an increased reservoir of magic. (+10% MP)
You shall have no god before yourself.
Your divine heritage dramatically boosts your attributes as you level up.


Message History

Press: ? - help, Q - select action Shift-Dir - straight line, f - kobold
Aim: a kobold, wielding a +0 short sword, wearing a +0 plate armour and quivering stones (100% to hit)
The negative energy hits the kobold.
The kobold is drained!
You kill the kobold!
You feel drained.
o - a bubbling red potion You now have 34 gold pieces (gained 6).
Items here: ( ) [ †.
Okay, then.
You see here a hobgoblin corpse.
You see here a quokka corpse.
A sourceless malevolence fills the Dungeon...
You fall into a shaft and drop 1 floor!
The shaft crumbles and collapses.
Found a stone staircase leading down.
A phantom comes into view.
There is a stone staircase leading down here.
You climb downwards.
You hear the sound of rushing water.
There is an entrance to a sewer on this level.
Hurry and find it before the portal rusts away!
The black bear growls angrily.
Found a scroll labelled XICUNG PECYR.
There is a stone staircase leading up here.
Found an escape hatch in the floor.
The black bear attacks as you move away!
The black bear bites you.
The black bear claws you but does no damage. x2
There is an escape hatch in the floor here.
The black bear bites you. The black bear claws you. x2
You slide downwards.
The hatch slams shut behind you.
The killer bee buzzes angrily.
You hear an angry buzzing noise. x2
The killer bee buzzes angrily.
You hear a shout!
Found a scroll labelled XICUNG PECYR.
The air fills with toxic fumes!
As you read the scroll labelled UZUALOENIG, it crumbles to dust.
It was a scroll of poison.
The black bear closely misses you. The black bear claws you.
* * * LOW HITPOINT WARNING * * *
The black bear claws you.
You die...

§§§ §§ §§
§## §§###
#§§§
#§#§§##§#
#§§§@§§§#
#§###hy§#
§§§# §§##
§§y §#§#
§#§§
§###§


You could see a black bear and 2 killer bees.

Vanquished Creatures
  A mummy (D:3)
  Robin (D:3)
  An adder (D:3)
  4 dart slugs
  An orc (D:3)
  2 bats (D:1)
  2 endoplasms (D:1)
  A giant cockroach (D:1)
  11 goblins
  4 hobgoblins
  5 kobolds
  3 quokkas
  A frilled lizard (D:1)
  A rat (D:1)
38 creatures vanquished.

Vanquished Creatures (others)
  A goblin (D:3)
1 creature vanquished.

Grand Total: 39 creatures vanquished

Notes
Turn   | Place    | Note
-------+----------+-------------------------------------------
     0 | D:1      | McMuffin the Demigod Reaver began the quest for the Orb.
     0 | D:1      | Reached XP level 1. HP: 17/17 MP: 5/5
   152 | D:1      | Reached XP level 2. HP: 18/24 MP: 7/7
   426 | D:3      | Noticed Robin
   440 | D:3      | Killed Robin
   441 | D:3      | Reached XP level 3. HP: 29/30 MP: 8/8
   495 | D:3      | Got the Disquisition on Unhallowed Liturgies and the Snake
   672 | D:3      | You fall into a shaft and drop 1 floor!
   673 | D:4      | Noticed a phantom
   676 | D:5      | Entered Level 5 of the Dungeon
   676 | D:5      | Noticed a centaur
   676 | D:5      | Noticed a black bear
   686 | D:6      | Slain by a black bear

Illustrated notes

Levels and vault maps discovered:
D:1:      lemuel_arrival_behind_the_door_small, layout_rooms,
          grunt_decor_fettered, chequers_serial_rivers_small_3
D:2:      layout_loops_ring, uniq_natasha
D:3:      layout_basic, slow_altar_1, nicolae_dithmenos_the_darkroom,
          grunt_gozag_breadcrumbs, eat_drink_and_be_merry_uskayaw,
          hellmonk_ecumenical_altar_defaced_shrine, kennysheep_generic_room_10,
          uniq_robin
D:4:      layout_basic, nicolae_tso_carved_into_rock,
          nicolae_overflow_two_pavilions, hangedman_ru_absence,
          minmay_temple_entry_tees, guppyfry_shop_venom, uniq_sigmund
D:5:      layout_loops_cross, mainiacjoe_overflow_tiny_flanked,
          marbit_many_paths, gup_sewer_entry_glass, nrook_campfire,
          uniq_prince_ribbit1, uniq_pikel, uniq_duvessa, uniq_eustachio
D:6:      layout_basic

Skill      XL: |  1  2 |
---------------+-------+-----
Long Blades    | 3 |  3.5
Conjurations   | 3 |  3.0
Fighting       | 2 |  2.4
Dodging        | 2 |  2.2
Short Blades   | |  0.2
Armour         | |  0.8
Spellcasting   | |  1.8

Action                   || total
-------------------------++-------
Melee: Falchion          ||    61
       Short sword       ||    51
       Punch             ||     1
 Cast: Kiss of Death     ||     6
  Use: Scroll            ||     1
Armor: Leather armour    ||    35
Dodge: Dodged            ||    66

Table legend: (Time is in decaauts)
 A = Elapsed time spent in this place.
 B = Non-inter-level travel time spent in this place.
 C = Inter-level travel time spent in this place.
 D = Time resting spent in this place.
 E = Time spent auto-exploring this place.
 F = Levels seen in this place.
 G = Mean time per level.
                   A        B        C        D        E       F      G
               +--------+--------+--------+--------+--------+-----+--------+
         Total |    688 |    688 |      0 |     44 |      0 |   6 |  114.7 |
       Dungeon |    688 |    688 |      0 |     44 |      0 |   6 |  114.7 |
               +--------+--------+--------+--------+--------+-----+--------+

Top non-repeatable levels by time:
     D:3: 324 daAuts
     D:1: 299 daAuts
     D:2: 51 daAuts
     D:5: 8 daAuts
     D:4: 3 daAuts
     D:6: 0 daAuts
